 Dungeon Crawl Stone Soup version 0.16.1-16-gc44b35d (webtiles) character file.

8519 Chiseanne the Imperceptible (level 11, -1/49 HPs)
             Began as a Spriggan Assassin on Apr 28, 2015.
             Was an Initiate of Gozag.
             Slain by a minotaur
             ... wielding a +4 bardiche
              (42 damage)
             ... in a labyrinth.
             The game lasted 00:55:36 (15976 turns).

Chiseanne the Imperceptible (Spriggan Assassin)    Turns: 15976, Time: 00:55:36

Health: -1/49      AC:  7    Str:  7    XL:     11   Next: 11%
Magic:  20/20      EV: 17    Int: 14    God:    Gozag
Gold:   1393       SH:  0    Dex: 20    Spells: 3 memorised, 2 levels left

rFire  . . .     SeeInvis +     a - +2 dagger (venom)
rCold  + . .     Clarity  .     O - +2 robe
rNeg   . . .     SustAb   +     (shield restricted)
rPois  .         Gourm    .     (helmet restricted)
rElec  .         Spirit   .     d - +2 cloak
rCorr  .         Warding  .     (gloves unavailable)
rMut   .         Stasis   .     (boots unavailable)
MR     +....                    U - amulet of faith
Stlth  +++++++++.               u - ring of protection from cold
                                J - ring of sustain abilities

@: very slightly contaminated, invisible (expiring), very quick, somewhat
resistant to hostile enchantments, incredibly stealthy
A: unfitting armour, see invisible, herbivore 3, speed 3, slow metabolism 2
a: Potion Petition, Call Merchant, Bribe Branch, Renounce Religion


You were in a labyrinth.
You worshipped Gozag.
Gozag was noncommittal.
You were very full.

You visited 3 branches of the dungeon, and saw 12 of its levels.
You also visited: Labyrinth, Sewer and Ossuary.

You collected 1564 gold pieces.
You paid 171 gold pieces to Gozag.

Inventory:

Hand weapons
 a - a +2 dagger of venom (weapon)
 e - a +0 hand crossbow
 s - a +0 dagger of electrocution
 w - a +0 blowgun
 L - a cursed +0 rapier of venom
Missiles
 c - 60 poisoned needles
 i - 33 tomahawks (quivered)
 o - 5 silver bolts
 C - a throwing net
 G - 77 bolts
 I - 35 sling bullets
 M - 8 poisoned tomahawks
 X - 12 exploding sling bullets
Armour
 d - a +2 cloak (worn)
 O - a +2 robe (worn)
Jewellery
 m - an uncursed amulet of clarity
 u - a ring of protection from cold (right hand)
 J - a ring of sustain abilities (left hand)
 U - an amulet of faith (around neck)
Scrolls
 b - 3 scrolls of remove curse
 j - 6 scrolls of fear
 F - 3 scrolls of teleportation
 N - a scroll of fog
 T - 2 scrolls of blinking
Potions
 l - 2 potions of haste
 n - 2 potions of ambrosia
 p - a potion of mutation {unknown}
 r - a potion of invisibility
 t - 2 potions of heal wounds
 v - 4 potions of curing
 z - a potion of lignification {unknown}
 B - 2 potions of resistance {unknown}
 D - 3 potions of restore abilities {unknown}
 E - 2 potions of poison {unknown}
 H - 3 potions of might
 K - a potion of magic {unknown}
 Q - 3 potions of agility
 S - a potion of cure mutation {unknown}
 W - a potion of berserk rage {unknown}
Comestibles
 g - 7 bread rations
 q - 7 royal jellies


   Skills:
 - Level 1.5 Fighting
 - Level 2.1 Short Blades
 - Level 2.1 Throwing
 - Level 1.5 Dodging
 * Level 23.5 Stealth


You had 2 spell levels left.
You knew the following spells:

 Your Spells              Type           Power        Failure   Level  Hunger
a - Flight                Chrm/Air       #.........   83%         3    ####...
b - Confusing Touch       Hex            #.....       43%         2    ###....
c - Confuse               Hex            #.......     83%         3    ####...


Dungeon Overview and Level Annotations

Branches:
Dungeon (10/15)            Temple (1/1) D:6            Lair (1/8) D:10
    Orc (0/4) D:9

Altars:
Ashenzari
Cheibriados
Dithmenos
Fedhas
Gozag
Makhleb
Nemelex Xobeh
Okawaru
Sif Muna
Trog
Vehumet
Yredelemnul
Zin

Annotations:
D:4 ghwc's ghost, average DsBe


Innate Abilities, Weirdness & Mutations

You are tiny and cannot use many weapons and most armour.
You have supernaturally acute eyesight.
You are a herbivore.
You cover ground extremely quickly.
You need consume almost no food.


Message History

Aim: a minotaur, wielding an enchanted bardiche, wearing a swamp dragon armour and carrying a wand of magic darts {zapped: 7} (heavily wounded, hasn't noticed you)
You shoot a poisoned needle. The poisoned needle hits the minotaur.
The minotaur is heavily wounded.
Firing (i - inventory. (,) - cycle):
c - 61 poisoned needles (quivered)
Press: ? - help, Shift-Dir - straight line, f/p - minotaur
Aim: a minotaur, wielding an enchanted bardiche, wearing a swamp dragon armour and carrying a wand of magic darts {zapped: 7} (heavily wounded)
You shoot a poisoned needle.
The poisoned needle barely misses the minotaur.
You aren't carrying any items that can be evoked.
Unknown command.
Wield which item (- for none, * to show all)? (? for menu, Esc to quit)
It begins to drip with poison!
a - a +2 dagger of venom (weapon)
Drink which item? (? for menu, Esc to quit)
You feel much better.
You flicker for a moment.
The minotaur hits you from afar with an enchanted bardiche!!!
Ouch! That really hurt!
You die...
Your body crumbles into a pile of gold.

### ..# #.# #.. #
###.### #.#.#.#.#
#####.#.#.#.###.#
#.........#..(..#
.###.###.@.H(..# #
.........##(##...#
# . ######...#8.8#
# # #.....#...#.#
# .#####.#8.8#. ##
# # # # .
#.#:.:#.#. . #.#
#.#8.8# #. .# .#.#
/#.... #.#. 8<8
..###


You could see a minotaur.

Vanquished Creatures
  A spiny frog (Lair:1)
  A komodo dragon (D:10)
  A queen bee (D:9)
  A troll (D:9)
  Prince Ribbit (D:7)
  A wyvern (D:9)
  3 yaks (D:10)
  A spriggan (D:8)
  A hungry ghost (D:10)
  2 soldier ants (D:10)
  3 water moccasins
  Edmund (D:5)
  Menkaure (D:7)
  A porcupine (Lair:1)
  A hippogriff (D:7)
  2 ice beasts
  A phantom (D:9)
  A necrophage (D:8)
  3 ogres
  4 orc warriors
  A crocodile (D:9)
  3 centaurs
  Duvessa (D:6)
  2 big kobolds
  An elf zombie (D:7)
  A wyvern zombie (D:10)
  3 giant frogs
  An elf skeleton (D:7)
  A water moccasin zombie (D:7)
  3 scorpions
  22 killer bees
  A goliath beetle (D:6)
  8 wights
  4 centaur zombies
  Dowan (D:6)
  3 crimson imps
  3 hounds
  2 orc priests (D:4)
  2 giant frog zombies
  A gnoll shaman (D:7)
  4 jellies
  3 giant frog skeletons
  A human zombie (Ossuary)
  2 human skeletons (D:7)
  4 iguanas
  8 worker ants
  8 orc wizards
  A killer bee zombie (D:8)
  Ijyb (D:7)
  2 ogre zombies (Ossuary)
  Terence (D:2)
  2 hound zombies
  6 mummies (Ossuary)
  6 gnolls
  2 worker ant zombies
  12 adders
  7 river rats
  A shadow imp (D:10)
  3 giant mites (D:5)
  3 worms
  5 adder zombies
  An adder skeleton (D:4)
  5 giant geckos
  2 oozes
  33 orcs
  A bat skeleton (D:7)
  6 giant cockroaches
  17 hobgoblins
  7 jackals (D:5)
  22 kobolds
  5 ball pythons
  21 bats
  11 giant newts
  3 giant spores
  A gnoll zombie (Ossuary)
  9 goblins
  4 goblin zombies (Ossuary)
  5 hobgoblin zombies (Ossuary)
  A jackal skeleton (D:7)
  4 kobold zombies (Ossuary)
  An orc skeleton (D:7)
  2 orc zombies
  5 quokkas
  A quokka skeleton (D:6)
  4 quokka zombies (Ossuary)
  31 rats
  A rat zombie (Ossuary)
  23 ballistomycetes
  A plant (D:10)
404 creatures vanquished.

Vanquished Creatures (others)
  An orc wizard (D:4)
  A bat (D:3)
  A goblin (D:4)
3 creatures vanquished.

Grand Total: 407 creatures vanquished

Notes
Turn   | Place    | Note
--------------------------------------------------------------
     0 | D:1      | Chiseanne, the Spriggan Assassin, began the quest for the Orb.
     0 | D:1      | Reached XP level 1. HP: 10/10 MP: 2/2
     9 | D:1      | Reached skill level 6 in Stealth
    52 | D:1      | Reached XP level 2. HP: 9/14 MP: 4/4
   329 | D:1      | Reached skill level 7 in Stealth
   499 | D:1      | Reached XP level 3. HP: 18/18 MP: 6/6
   851 | D:2      | Noticed Terence
   860 | D:2      | Killed Terence
   860 | D:2      | Reached skill level 8 in Stealth
  1045 | D:2      | Found a bloodstained altar of Trog.
  1172 | D:2      | Reached XP level 4. HP: 22/22 MP: 8/8
  1367 | D:2      | Reached skill level 9 in Stealth
  2073 | D:3      | Found a shattered altar of Ashenzari.
  2073 | D:3      | Found a shadowy altar of Dithmenos.
  2129 | D:3      | Reached XP level 5. HP: 18/25 MP: 10/10
  2249 | D:3      | Noticed a centaur
  2263 | D:3      | Killed a centaur
  2263 | D:3      | Reached skill level 10 in Stealth
  2744 | D:4      | Noticed ghwc's ghost (average DsBe)
  3073 | D:4      | Reached skill level 11 in Stealth
  3073 | D:4      | Reached XP level 6. HP: 30/30 MP: 12/12
  3259 | D:4      | Noticed an ogre
  3291 | D:4      | Killed an ogre
  3434 | D:4      | Reached skill level 12 in Stealth
  3611 | D:4      | Found a glowing silver altar of Zin.
  3832 | D:4      | Reached XP level 7. HP: 2/33 MP: 14/14
  4508 | D:5      | Entered Level 5 of the Dungeon
  4677 | D:5      | Reached skill level 13 in Stealth
  4930 | D:5      | Found a glowing drain.
  4996 | Sewer    | Entered a sewer
  5698 | D:5      | Noticed Edmund
  6043 | D:5      | Killed Edmund
  6043 | D:5      | Reached skill level 14 in Stealth
  6133 | D:5      | Reached XP level 8. HP: 37/37 MP: 16/16
  6260 | D:6      | Reached skill level 15 in Stealth
  6603 | D:6      | Reached skill level 16 in Stealth
  6943 | D:6      | Noticed Duvessa
  6943 | D:6      | Noticed Dowan
  6947 | D:6      | Killed Duvessa
  6954 | D:6      | Killed Dowan
  6961 | D:6      | Reached skill level 17 in Stealth
  7373 | D:6      | Reached XP level 9. HP: 41/41 MP: 18/18
  7428 | D:6      | Found a staircase to the Ecumenical Temple.
  7438 | Temple   | Entered the Ecumenical Temple
  7443 | Temple   | Became a worshipper of Gozag Ym Sagoz the Greedy
  7610 | D:7      | Noticed Prince Ribbit
  7725 | D:7      | HP: 2/41 [elf skeleton (6)]
  7751 | D:7      | Found a sand-covered staircase.
  7756 | Ossuary  | Entered an ossuary
  7952 | Ossuary  | Reached skill level 18 in Stealth
  8537 | D:7      | Noticed Ijyb
  8545 | D:7      | Killed Ijyb
  8675 | D:7      | Reached skill level 19 in Stealth
  8943 | D:7      | Noticed Menkaure
  8950 | D:7      | Killed Menkaure
  9027 | D:7      | Killed Prince Ribbit
  9414 | D:7      | Reached skill level 20 in Stealth
 10559 | D:8      | Reached XP level 10. HP: 38/43 MP: 19/19
 10586 | D:8      | Found a radiant altar of Vehumet.
 10628 | D:8      | Found a deep blue altar of Sif Muna.
 10634 | D:8      | Learned a level 3 spell: Flight
 11824 | D:9      | Found a snail-covered altar of Cheibriados.
 11871 | D:9      | Reached skill level 21 in Stealth
 11970 | D:9      | Found a staircase to the Orcish Mines.
 13340 | D:9      | Reached skill level 22 in Stealth
 14544 | D:10     | Entered Level 10 of the Dungeon
 15033 | D:10     | HP: 1/46 [killer bee (7)]
 15192 | D:10     | Reached skill level 23 in Stealth
 15351 | D:10     | Reached XP level 11. HP: 30/49 MP: 20/20
 15479 | D:10     | Found a staircase to the Lair.
 15513 | Lair:1   | Entered Level 1 of the Lair of Beasts
 15540 | Lair:1   | Learned a level 2 spell: Confusing Touch
 15544 | Lair:1   | Learned a level 3 spell: Confuse
 15586 | Lair:1   | Found a labyrinth entrance.
 15600 | Lab      | Entered a labyrinth
 15954 | Lab      | Noticed a minotaur
 15976 | Lab      | Slain by a minotaur

Action                   |  1- 3 |  4- 6 |  7- 9 | 10-12 || total
-------------------------+-------+-------+-------+-------++-------
Melee: Dagger            |    60 |   152 |   471 |   424 ||  1107
 Fire: Blowgun           |     4 |    46 |   135 |    49 ||   234
       Hand crossbow     |       |     6 |       |    14 ||    20
Throw: Tomahawk          |       |     2 |     3 |     3 ||     8
       Throwing net      |       |       |     1 |       ||     1
Invok: Potion Petition   |       |       |       |     1 ||     1
Evoke: Wand              |       |       |    20 |       ||    20
  Use: Scroll            |     6 |     5 |     9 |    10 ||    30
       Potion            |       |       |     2 |     3 ||     5
 Stab: Sleeping          |    21 |    22 |    84 |    28 ||   155
       Distracted        |       |     1 |     6 |     7 ||    14
       Invisible         |       |       |       |     2 ||     2
  Eat: Bread ration      |       |       |     1 |       ||     1
       Royal jelly       |       |       |     1 |     1 ||     2
       Pizza             |       |       |       |     8 ||     8
       Fruit             |       |       |       |     3 ||     3
